AoeStats
← MattAtArms

Arabia

504753583Analyzed
1v1 RM · 27d ago on Sep 6, 2026· 22m 57s· 2 players
Game mode
Random Map
Map size
Tiny (2 player)
Population
200
Speed
Normal
Resources
Standard
Victory
Conquest
Starting age
Dark Age
Ending age
Imperial Age
RankedLock teamsTeams togetherTeam positionsShared explorationLock speedFull tech treeHidden civsTurbo modeCheats
Victory
Defeat
🇬🇧 Maya · United Kingdom
1901
+10
🇫🇷 Tupi · France
1752
-10
Markof
7:49 Loom
10:32 Feudal Age
14:38 Castle Age
15:43 Fletching
19:14 Bodkin Arrow
MattAtArms
0:25 Loom
9:38 Feudal Age
9:43 Man-at-Arms
10:09 Double-Bit Axe
16:01 Gold Mining
18:46 Castle Age
17:18 Fletching
19:28 Bodkin Arrow
18:59 Crossbowman
Connection lost

Rejoining the realm…

Still unreachable

The connection could not be restored.

Session expired

The server has moved on; the page needs a fresh start.